Map: Окраины Ньюкирка РВ (Void)

Players

FLIGHTER - Winner!

  • Race: Protoss Protoss
  • League: Silver
  • Spawn Location: 5:00

backForward

  • Race: Terran Terran
  • League: Gold
  • Spawn Location: 7:00

VOD

Have the link to the VOD?

Description

Time

  • Played on: March 30, 2017, 7:24 p.m.
  • Length: 12:04
Show
View Real Time Build Order
Export as new Build Order

FLIGHTER Protoss - Winner!

Build Orders: 1 Gate Expand, Dark Templar Rush 

Get SALT Encoding   

  12  0:01  Probe (Chrono Boost)  
  13  0:11  Probe (Chrono Boost)  
  14  0:20  Pylon  
  14  0:22  Probe (Chrono Boost)  
  15  0:38  Gateway, Probe (Chrono Boost)  
  16  0:44  Assimilator  
  16  0:49  Probe (Chrono Boost)  
  17  1:00  Probe (Chrono Boost)  
  18  1:10  Probe (Chrono Boost)  
  19  1:21  Probe (Chrono Boost)  
  20  1:27  Nexus  
  20  1:41  Cybernetics Core  
  20  1:46  Probe (Chrono Boost)  
  21  1:53  Pylon  
  21  1:57  Probe (Chrono Boost)  
  21  1:58  Assimilator  
  22  2:07  Probe (Chrono Boost)  
  23  2:14  Pylon  
  23  2:18  Probe (Chrono Boost)  
  23  2:19  Warp Gate  
  23  2:20  Adept  
  26  2:29  Probe (Chrono Boost)  
  27  2:38  Robotics Facility  
  27  2:46  Probe x2 (Chrono Boost)  
  29  3:01  Probe x2 (Chrono Boost)  
  31  3:11  Probe x2 (Chrono Boost)  
  33  3:15  Twilight Council  
  33  3:17  Gateway  
  33  3:22  Pylon  
  33  3:23  Probe (Chrono Boost)  
  33  3:25  Probe (Chrono Boost)  
  35  3:29  Observer  
  35  3:33  Probe (Chrono Boost)  
  37  3:36  Probe (Chrono Boost)  
  38  3:45  Probe (Chrono Boost)  
  38  3:46  Probe (Chrono Boost)  
  40  3:52  Dark Shrine  
  40  3:54  Gateway  
  40  3:55  Probe (Chrono Boost)  
  41  3:58  Warp Prism  
  41  4:02  Probe (Chrono Boost)  
  44  4:06  Probe (Chrono Boost)  
  44  4:08  Assimilator  
  45  4:12  Probe (Chrono Boost)  
  45  4:13  Assimilator  
  45  4:16  Probe (Chrono Boost)  
  47  4:23  Probe (Chrono Boost)  
  48  4:25  Blink  
  48  4:30  Probe (Chrono Boost)  
  49  4:33  Probe (Chrono Boost)  
  49  4:55  Gateway x2  
  49  4:58  Gateway  
  49  5:00  Robotics Facility  
  51  5:07  Mothership Core (Chrono Boost)  
  51  5:17  Dark Templar  
  51  5:18  Dark Templar x2  
  57  5:38  Probe (Chrono Boost)  
  57  5:39  Probe (Chrono Boost)  
  59  5:49  Probe x2 (Chrono Boost)  
  61  5:59  Pylon  
  61  6:01  Pylon  
  61  6:11  Immortal  
  61  6:15  Nexus  
  61  6:17  Immortal, Stalker x2  
  61  6:18  Assimilator  
  69  6:19  Stalker x3  
  69  6:20  Stalker  
  69  6:22  Assimilator  
  69  6:25  Pylon  
  75  6:40  Probe x2 (Chrono Boost)  
  77  6:50  Immortal  
  81  6:56  Immortal  
  85  7:04  Pylon  
  85  7:05  Pylon  
  85  7:07  Pylon  
  85  7:08  Pylon  
  83  7:09  Pylon  
  83  7:11  Pylon  
  83  7:23  Dark Templar  
  83  7:24  Dark Templar x5  
  83  7:59  Forge  
  83  8:01  Forge  
  83  8:03  Stalker x3  
  83  8:04  Stalker x3  
  95  8:21  Gateway  
  95  8:23  Gateway  
  95  8:25  Gateway  
  95  8:29  Immortal x2  
  95  8:32  Gateway  
  103  8:49  Adept x2  
  103  8:50  Adept x4  
  115  9:04  Protoss Ground Weapons Level 1  
  115  9:08  Immortal x2  
  123  9:28  Adept x4  
  125  9:48  Observer x2  
  109  10:08  Warp Prism  
  109  10:09  Warp Prism  
  109  10:33  Stalker x4  
  109  10:34  Stalker x5  
  121  10:55  Warp Prism  
  123  10:57  Immortal  
  123  11:23  Stalker x4  
  123  11:24  Stalker x3  
  135  11:31  Probe (Chrono Boost)  
  135  11:32  Probe x2 (Chrono Boost)  
  142  11:42  Probe (Chrono Boost)  
Show
View Real Time Build Order
Export as new Build Order

backForward Terran 

Build Orders:  

Get SALT Encoding   

  12  0:01  SCV  
  13  0:13  SCV  
  14  0:20  Supply Depot  
  14  0:25  SCV  
  15  0:41  SCV  
  16  0:44  Barracks  
  16  0:52  Refinery  
  16  0:53  SCV  
  17  1:06  SCV  
  17  1:10  Supply Depot  
  18  1:20  SCV  
  19  1:32  SCV  
  20  1:33  Marine  
  21  1:50  SCV  
  21  1:52  Marine  
  23  2:04  Refinery  
  23  2:06  Command Center  
  23  2:10  Marine  
  23  2:12  Orbital Command  
  24  2:38  Engineering Bay  
  24  2:39  Barracks Reactor  
  24  2:44  SCV  
  25  2:46  Factory  
  25  2:56  SCV  
  26  3:08  SCV  
  26  3:10  Supply Depot  
  27  3:16  Marine x2  
  29  3:21  SCV  
  29  3:24  Orbital Command  
  30  3:31  Factory Tech Lab  
  30  3:33  SCV  
  31  3:34  Starport  
  31  3:50  SCV x2  
  31  3:52  Siege Tank  
  31  3:55  Marine x2  
  38  4:01  Missile Turret  
  38  4:08  SCV x2  
  40  4:14  Missile Turret, Starport Tech Lab  
  40  4:17  Marine x2  
  40  4:21  SCV  
  40  4:23  SCV  
  44  4:31  Supply Depot  
  44  4:35  Marine x2  
  44  4:37  Siege Tank  
  49  4:44  SCV x2  
  51  4:47  Banshee  
  51  4:49  Cloaking Field  
  54  4:53  Marine  
  54  4:54  Marine  
  54  4:56  SCV x2  
  58  5:03  Supply Depot  
  58  5:08  SCV  
  58  5:09  Supply Depot, SCV  
  58  5:11  Marine  
  58  5:12  Marine  
  62  5:23  Supply Depot  
  62  5:25  Siege Tank  
  62  5:27  Supply Depot  
  51  6:00  Orbital Command  
  44  6:30  Missile Turret  
  44  6:37  Marine x2  
  44  6:38  Siege Tank, Missile Turret  
  49  6:49  Refinery  
  49  6:50  SCV x2  
  52  7:22  Siege Tank  
  52  7:25  Refinery  
  52  7:27  Refinery  
  40  7:56  SCV x2  
  40  7:57  Missile Turret  
  42  8:00  Missile Turret  
  42  8:01  Missile Turret  
  42  8:02  Missile Turret  
  42  8:04  Missile Turret x2  
  42  8:08  SCV x2  
  42  8:09  Supply Depot  
  44  8:18  Missile Turret  
  44  8:22  SCV x2  
  46  8:34  SCV x2  
  48  8:46  SCV x2  
  50  8:49  Missile Turret  
  50  8:53  Raven  
  52  8:58  SCV x2  
  54  9:09  Siege Tank, Marine  
  57  9:10  Marine, SCV x2  
  61  9:22  SCV  
  61  9:23  SCV  
  63  9:30  Supply Depot  
  63  9:35  SCV x2  
  65  9:41  Factory  
  65  9:43  Starport  
  65  9:47  SCV x2  
  65  9:50  Raven  
  69  9:53  Hellion  
  69  9:59  SCV x2  
  25  10:47  Siege Tank  
  27  10:50  Banshee  
  29  11:12  Starport  
  29  11:13  Fusion Core  
  29  11:14  Starport  
  28  11:40  SCV  
Tags
 
Add a new tag
Caveats
  • Supply blocks, unpowered buildings, or Contaminate may cause inaccurate times.
  • Supply counts are checked every 10 seconds.